 Dungeon Crawl Stone Soup version 0.29-a0-541-gaf1fc19f1b (webtiles) character file.

Game seed: 13431840886879790435

1430 siradein the Scholar of Death (level 8, -2/52 HPs)
             Began as a Demonspawn Necromancer on June 3, 2022.
             Was a Follower of Kikubaaqudgha.
             Slain by an iguana (7 damage)
             ... on level 6 of the Dungeon.
             The game lasted 00:17:28 (7000 turns).

siradein the Scholar of Death (DsNe)                Turns: 7000, Time: 00:17:29

Health: -2/52      AC: 22    Str:  9    XL:     8   Next: 45%
Magic:  13/18      EV:  8    Int: 19    God:    Kikubaaqudgha [*.....]
Gold:   391        SH:  0    Dex: 17    Spells: 13/21 levels left

rFire   + . .      SeeInvis +   m - +0 spear (vamp)
rCold   . . .      Faith    .   t - orb {mayhem}
rNeg    . . .      Spirit   .   p - +8 scale mail of Gapn {*Slow rF+ Will+ SInv}
rPois   .          Reflect  .   d - +0 helmet
rElec   .          Harm     .   k - +2 cloak
rCorr   .          Rampage  .   (no gloves)
Will    ++...                   (no boots)
Stlth   +++.......              (no amulet)
HPRegen 0.17/turn               a - ring of willpower
MPRegen 0.16/turn               r - +4 ring of protection

@: no status effects
A: thin skeletal structure 2, demonic guardian 1, condensation shield, weakness
stinger 1
a: Renounce Religion, Unearth Wretches


You were on level 6 of the Dungeon.
You worshipped Kikubaaqudgha.
Kikubaaqudgha was aware of your devotion.
You visited 2 branches of the dungeon, and saw 7 of its levels.

You collected 391 gold pieces.

Inventory:

Hand Weapons
 m - a +0 vampiric spear (weapon)
 y - a +2 dagger of venom
Armour
 d - a +0 helmet (worn)
 k - a +2 cloak (worn)
 p - the +8 scale mail of Gapn (worn) {*Slow rF+ Will+ SInv}
   (You found it on level 3 of the Dungeon)

   rF:        It protects you from fire.
   SInv:      It lets you see invisible.
   *Slow:     It may slow you when you take damage.
   Will:      It increases your willpower.
 t - an orb of mayhem (worn)
Jewellery
 a - a ring of willpower (left hand)
 e - a ring of resist corrosion
 r - a +4 ring of protection (right hand)
Wands
 q - a wand of paralysis (5)
 w - a wand of charming (9)
Scrolls
 c - a scroll of magic mapping {unknown}
 g - a scroll of fog
 i - 2 scrolls of identify
 j - a scroll of poison {unknown}
 l - a scroll of teleportation
 n - a scroll of blinking {unknown}
 x - 2 scrolls of fear
 z - a scroll of enchant weapon {unknown}
Potions
 b - a potion of magic
 f - 3 potions of heal wounds
 h - a potion of brilliance {unknown}
 o - a potion of lignification {unknown}
 s - 2 potions of cancellation
 u - a potion of berserk rage {unknown}
 v - a potion of mutation {unknown}


   Skills:
 - Level 1.7 Dodging
 - Level 1.7 Stealth
 + Level 7.1 Spellcasting
 + Level 9.3 Necromancy


You had 13 spell levels left.
You knew the following spells:

 Your Spells              Type           Power      Damage    Failure   Level
a - Necrotize             Necr           100%       1d9       1%          1
b - Vampiric Draining     Necr           42%        2d9       6%          3
c - Animate Dead          Necr           42%        N/A       19%         4

Your spell library contained the following spells:

 Spells                   Type           Power      Damage    Failure   Level
 Sublimation of Blood     Necr           42%        N/A       3%          2
 Agony                    Necr           42%        N/A       47%         5
 Gell's Gravitas          Tloc           6%         N/A       95%         3
 Lesser Beckoning         Tloc           6%         N/A       95%         3
 Teleport Other           Tloc           6%         N/A       95%         3


Dungeon Overview and Level Annotations

Branches:
Dungeon (6/15)             Temple (1/1) D:4

Altars:
Ashenzari
Cheibriados
Elyvilon
Gozag
Hepliaklqana
Kikubaaqudgha
Makhleb
Nemelex Xobeh
Okawaru
Qazlal
Ru
Sif Muna
Trog
Uskayaw
Vehumet
Wu Jian
Xom
Yredelemnul
Zin
The Shining One

Annotations:
D:6 Pikel


Innate Abilities, Weirdness & Mutations

You have a moderately thin skeletal structure. (Dex +4, Stealth++)
A weak demonic guardian rushes to your aid.
A meltable shield of frost defends you. (SH +0)
You have a small tail.


Message History

Casting: Necrotize (safe; 1% risk of failure)
Confirm with . or Enter, or press ? or * to list all spells.
Aiming: Necrotize (safe; 1% risk of failure)
Press: ? - help, Shift-Dir - straight line, f/p - iguana
Aim: an iguana (chance to affect: 88%)
The iguana writhes in agony.
You hit the iguana but do no damage.
The iguana is lightly wounded.
The iguana completely misses you.
You hit the iguana but do no damage.
The iguana is lightly wounded.
The iguana closely misses you. The iguana bites you.
* * * LOW HITPOINT WARNING * * *
A demonic guardian appears!
You hit the iguana.
You feel better.
The iguana is moderately wounded.
The iguana bites you but does no damage.
You hit the iguana but do no damage.
The iguana is moderately wounded.
The iguana bites you but does no damage.
Your shadow imp barely misses the iguana.
You barely miss the iguana.
The iguana is moderately wounded.
The iguana barely misses you.
Your shadow imp closely misses the iguana.
You barely miss the iguana.
You tail-slap the iguana, but do no damage.
The iguana is moderately wounded.
The iguana closely misses you.
Your shadow imp closely misses the iguana.
You hit the iguana.
The iguana is heavily wounded.
The iguana bites you.
* * * LOW HITPOINT WARNING * * *
Your shadow imp closely misses the iguana.
You hit the iguana.
You feel better.
You tail-slap the iguana.
The iguana is heavily wounded.
The iguana bites you!
You die...
Kikubaaqudgha rasps: "You have failed me!
Welcome... death!"

## .# ## .#
...###.#.#
.......@l#
##.###..5.....#
.....######
#######


You could see an iguana (ally target) and a friendly shadow imp (summoned).

Vanquished Creatures
  Eustachio (D:6)
  3 ice beasts
  A centaur (D:6)
  A gnoll sergeant (D:5)
  5 scorpions
  A gnoll shaman (D:4)
  Crazy Yiuf (D:2)
  3 iguanas
  An orc wizard (D:4)
  12 gnolls
  5 adders
  An ufetubus (D:4)
  A worm (D:3)
  2 dart slugs
  An orc (D:4)
  5 endoplasms
  5 giant cockroaches
  9 goblins
  11 hobgoblins
  11 jackals
  6 kobolds
  7 ball pythons
  2 bats (D:1)
  A frilled lizard (D:3)
  6 rats
102 creatures vanquished.

Vanquished Creatures (collateral kills)
  An ogre (D:5)
  A hound (D:5)
  An orc wizard (D:4)
  Robin (D:4)
  2 gnolls
  A dart slug (D:4)
  An orc (D:5)
  A giant cockroach (D:1)
  2 goblins (D:4)
  2 hobgoblins (D:4)
  A kobold (D:4)
  A rat (D:3)
15 creatures vanquished.

Vanquished Creatures (others)
  A gnoll (D:5)
  A hobgoblin (D:4)
2 creatures vanquished.

Grand Total: 119 creatures vanquished

Notes
Turn   | Place    | Note
-------+----------+-------------------------------------------
     0 | D:1      | siradein the Demonspawn Necromancer began the quest for the
                  | Orb.
     0 | D:1      | Reached XP level 1. HP: 13/13 MP: 3/3
   162 | D:1      | Gained mutation: You have a small tail. [demonic ancestry]
   162 | D:1      | Reached XP level 2. HP: 19/19 MP: 3/5
   771 | D:1      | Found a faded altar of an unknown god.
   870 | D:1      | Gained mutation: A weak demonic guardian rushes to your
                  | aid. [demonic ancestry]
   870 | D:1      | Reached XP level 3. HP: 24/24 MP: 4/7
   874 | D:1      | Learned a level 3 spell: Vampiric Draining
   971 | D:2      | Reached skill level 5 in Necromancy
  1401 | D:2      | Found a runed translucent door.
  1402 | D:2      | Noticed Crazy Yiuf
  1575 | D:2      | Gained mutation: You have a somewhat thin skeletal
                  | structure. (Dex +2, Stealth+) [demonic ancestry]
  1575 | D:2      | Reached XP level 4. HP: 30/30 MP: 5/8
  2616 | D:3      | Identified the +8 scale mail of Gapn {*Slow rF+ Will+ SInv}
  3296 | D:4      | Noticed a scorpion
  3301 | D:4      | Killed a scorpion
  3302 | D:4      | Reached XP level 5. HP: 35/35 MP: 6/10
  3512 | D:4      | Reached skill level 6 in Necromancy
  3718 | D:4      | Found a staircase to the Ecumenical Temple.
  3741 | Temple   | Entered the Ecumenical Temple
  3946 | Temple   | Became a worshipper of Kikubaaqudgha
  4355 | D:4      | Noticed Robin
  4386 | D:4      | Killed Robin
  4497 | D:4      | Noticed an ice beast
  4508 | D:4      | Killed an ice beast
  4509 | D:4      | Reached XP level 6. HP: 24/41 MP: 2/12
  4870 | D:4      | Learned a level 1 spell: Necrotize
  4875 | D:4      | Learned a level 4 spell: Animate Dead
  4896 | D:5      | Entered Level 5 of the Dungeon
  4950 | D:5      | Reached skill level 5 in Spellcasting
  4950 | D:5      | Reached skill level 7 in Necromancy
  5139 | D:5      | Gained mutation: You have a moderately thin skeletal
                  | structure. (Dex +4, Stealth++) [demonic ancestry]
  5139 | D:5      | Reached XP level 7. HP: 36/46 MP: 5/14
  5485 | D:5      | Reached * piety under Kikubaaqudgha
  5485 | D:5      | Received a gift from Kikubaaqudgha
  5688 | D:4      | Reached skill level 8 in Necromancy
  6038 | D:5      | Gained mutation: A meltable shield of frost defends you.
                  | (SH +0) [demonic ancestry]
  6038 | D:5      | Reached XP level 8. HP: 45/52 MP: 11/17
  6381 | D:2      | Killed Crazy Yiuf
  6744 | D:6      | Noticed Eustachio
  6758 | D:6      | Killed Eustachio
  6759 | D:6      | Reached skill level 9 in Necromancy
  6933 | D:6      | Noticed Pikel
  7000 | D:6      | Slain by an iguana

Illustrated notes

Levels and vault maps discovered:
D:1:      nicolae_arrival_memento_mori, layout_basic,
          dilly_ecumenical_altar_fadedgnrine, minmay_misc_feat_columns
D:2:      layout_basic, corexii_corridor_pit, uniq_crazy_yiuf_cottage
D:3:      layout_loops_ring, minmay_checkerbox
D:4:      layout_loops_ring, minmay_temple_entry_statues_pillars,
          lightli_corner_chamber, uniq_robin
D:5:      layout_rooms
D:6:      layout_loops_corners, nicolae_fountain_basement, uniq_eustachio,
          uniq_pikel
Temple:   mainiacjoe_temple_big_plus

Skill      XL: |  1  2  3  4  5  6  7  8 |
---------------+-------------------------+-----
Necromancy     | 5 6 7 8 9 |  9.3
Spellcasting   | 3 4 5 6 7 |  7.1
Dodging        | |  1.7
Stealth        | |  1.7

Action                   |  1- 3 |  4- 6 |  7- 9 || total
-------------------------+-------+-------+-------++-------
Melee: Unarmed           |     4 |       |       ||     4
       Dagger            |     7 |    15 |     7 ||    29
       Tailslap          |     1 |     2 |     7 ||    10
       Spear             |       |       |    46 ||    46
 Cast: Necrotize         |    61 |    87 |   110 ||   258
  Use: Scroll            |     1 |     4 |     3 ||     8
Armor: Scale mail        |       |    24 |    70 ||    94
Dodge: Dodged            |    11 |    20 |    46 ||    77
Block: Orb               |       |       |     3 ||     3

Table legend: (Time is in decaauts)
 A = Elapsed time spent in this place.
 B = Non-inter-level travel time spent in this place.
 C = Inter-level travel time spent in this place.
 D = Time resting spent in this place.
 E = Time spent auto-exploring this place.
 F = Levels seen in this place.
 G = Mean time per level.
                   A        B        C        D        E       F      G
               +--------+--------+--------+--------+--------+-----+--------+
         Total |   7008 |   6704 |    304 |    514 |   5008 |   7 | 1001.1 |
       Dungeon |   6572 |   6268 |    304 |    514 |   4630 |   6 | 1095.3 |
        Temple |    435 |    435 |      0 |      0 |    378 |   1 |  435.0 |
               +--------+--------+--------+--------+--------+-----+--------+

Top non-repeatable levels by time:
     D:4: 1920 daAuts
     D:2: 1826 daAuts
     D:1: 967 daAuts
     D:5: 798 daAuts
     D:3: 713 daAuts
  Temple: 435 daAuts
     D:6: 347 daAuts
